 Dungeon Crawl Stone Soup version 0.17-a0-1399-gd5b76e1 (webtiles) character file.

615 ololoev the Stinger (level 7, -1/46 HPs)
             Began as a Mummy Venom Mage on June 18, 2015.
             Was a Follower of Yredelemnul.
             Shot with an arrow by a centaur (13 damage)
             ... on level 5 of the Dungeon.
             The game lasted 00:26:29 (7106 turns).

ololoev the Stinger (Mummy Venom Mage)              Turns: 7106, Time: 00:26:30

Health: -1/46      AC:  3    Str: 12    XL:     7   Next: 21%
Magic:  3/10       EV: 11    Int: 15    God:    Yredelemnul [*.....]
Gold:   171        SH:  0    Dex: 13    Spells: 3 memorised, 2 levels left

rFire  . . .     SeeInvis .     p - +1 flail (crush)
rCold  + . .     Clarity  .     e - +0 leather armour {rF+}
rNeg   + + +     SustAt   +     (no shield)
rPois  ∞         Gourm    .     (no helmet)
rElec  .         Spirit   .     (no cloak)
rCorr  .         Warding  .     (no gloves)
rMut   .         Stasis   .     (no boots)
MR     .....                    d - amulet of faith
Stlth  ++........               (no ring)
                                l - ring of sustain attributes

@: not resistant to hostile enchantments, unstealthy
A: no food or potions, fire vulnerability, cold resistance 1, negative energy
resistance 3, torment resistance, unbreathing
a: Animate Remains, Renounce Religion


Innate Abilities, Weirdness & Mutations

You do not eat or drink.
Your flesh is vulnerable to fire.
You are immune to poison.
Your flesh is cold resistant.
You are immune to negative energy.
You are immune to unholy pain and torment.
You can survive without breathing.

Inventory:

Hand weapons
 p - a +1 flail of crushing (weapon)
Missiles
 c - 8 javelins
 i - 3 throwing nets (quivered)
Armour
 e - a +0 leather armour of fire resistance (worn)
 o - a +0 buckler
Jewellery
 d - an amulet of faith (around neck)
 l - a ring of sustain attributes (left hand)
Scrolls
 f - a scroll of teleportation
 g - 2 scrolls of remove curse
 j - a scroll of enchant armour
 k - 2 scrolls of blinking
 m - a scroll of amnesia
 n - a scroll of fog
 r - a scroll of magic mapping
Books
 b - a Young Poisoner's Handbook

   Spells                             Type                      Level
   a - Sting                          Conjuration/Poison           1
   b - Cure Poison                    Poison                       2
   c - Mephitic Cloud                 Conjuration/Poison/Air       3
   d - Olgreb's Toxic Radiance        Poison                       4
   e - Venom Bolt                     Conjuration/Poison           5


   Skills:
 * Level 3.0 Maces & Flails
 + Level 1.7 Armour
 - Level 1.5 Dodging
 - Level 1.5 Stealth
 - Level 2.1 Spellcasting
 - Level 6.1 Poison Magic


You had 2 spell levels left.
You knew the following spells:

 Your Spells              Type           Power        Failure   Level  Hunger
a - Sting                 Conj/Pois      ##..         10%         1    N/A
b - Mephitic Cloud        Conj/Pois/Air  #.......     38%         3    N/A
c - Olgreb's Toxic Radia  Pois           ###.....     24%         4    N/A


You were on level 5 of the Dungeon.
You worshipped Yredelemnul.
Yredelemnul was aware of your devotion.
You were not hungry.

You visited 1 branch of the dungeon, and saw 5 of its levels.

You collected 171 gold pieces.

..# # ...##
..##.. ...##
......
#.c.##......
†......... ##
####.......#
...#.........###
.......@..∩.._⌠#
.......(.(...##
..####.Z(.(...#
# ##)........#
#.
###.Z........#
#..
###......###....
##..###......###
#...
...........###
#..
..........### #.

Notes
Turn   | Place    | Note
--------------------------------------------------------------
     0 | D:1      | ololoev the Mummy Venom Mage began the quest for the Orb.
     0 | D:1      | Reached XP level 1. HP: 13/13 MP: 3/3
   320 | D:1      | Reached XP level 2. HP: 13/19 MP: 3/5
  1076 | D:1      | Reached skill level 4 in Poison Magic
  1117 | D:1      | Reached XP level 3. HP: 18/24 MP: 1/6
  1250 | D:1      | Learned a level 3 spell: Mephitic Cloud
  2049 | D:2      | Reached XP level 4. HP: 30/30 MP: 3/7
  2955 | D:2      | Found a stormy altar of Qazlal.
  3089 | D:2      | Reached skill level 5 in Poison Magic
  3606 | D:2      | Reached XP level 5. HP: 31/35 MP: 1/8
  3647 | D:2      | Learned a level 4 spell: Olgreb's Toxic Radiance
  3884 | D:2      | Found a basalt altar of Yredelemnul.
  3904 | D:2      | Became a worshipper of Yredelemnul the Dark
  4217 | D:3      | Noticed Terence
  4222 | D:3      | Noticed Natasha
  4224 | D:3      | Killed Terence
  4464 | D:3      | Killed Natasha
  4692 | D:3      | Noticed Natasha
  4701 | D:3      | Killed Natasha
  4854 | D:3      | Found a faded altar to an unknown god.
  4971 | D:3      | Noticed Natasha
  4976 | D:3      | Killed Natasha
  5081 | D:3      | Noticed Aiteri's ghost (average SpEn)
  5200 | D:4      | Reached skill level 1 in Maces & Flails
  5217 | D:4      | Reached XP level 6. HP: 41/41 MP: 1/9
  5757 | D:4      | Noticed Menkaure
  5831 | D:4      | Acquired Yredelemnul's first power
  6007 | D:4      | Reached skill level 1 in Armour
  6008 | D:4      | Reached skill level 6 in Poison Magic
  6349 | D:4      | Noticed WellDressedCM's ghost (weakling KoGl)
  6363 | D:4      | Killed WellDressedCM's ghost
  6570 | D:4      | Found Huitijyi's Food Shoppe.
  6601 | D:5      | Entered Level 5 of the Dungeon
  6756 | D:5      | Reached XP level 7. HP: 38/46 MP: 1/10
  7092 | D:5      | Found Zin's Purification Station.
  7095 | D:5      | Found a glowing silver altar of Zin.
  7106 | D:5      | Shot with an arrow by a centaur

Dungeon Overview and Level Annotations

Branches:
Dungeon (5/15)
 Temple: D:4-7

Altars:
Qazlal
Yredelemnul
Zin

Shops:
D:4 %   D:5 *

Annotations:
D:3 Aiteri's ghost, average SpEn
D:4 Menkaure


Message History

Found a glowing silver altar of Zin.
An iguana and a centaur come into view.
The centaur shouts!
The iguana hisses angrily.
The centaur wields a shortbow.
The centaur shoots an arrow.
The arrow closely misses you.
You see here an arrow.
Casting: Olgreb's Toxic Radiance
Confirm with . or Enter, or press ? or * to list all spells.
You begin to radiate toxic energy.
The centaur is poisoned.
The iguana is poisoned.
The centaur shoots an arrow.
The arrow hits you!
A kobold comes into view.
Casting: Olgreb's Toxic Radiance
Confirm with . or Enter, or press ? or * to list all spells.
Your toxic radiance grows in intensity.
The kobold is poisoned.
The centaur looks even sicker.
The iguana looks even sicker.
The centaur shoots an arrow.
The arrow barely misses you.
The kobold looks even sicker.
The centaur shoots an arrow.
The arrow hits you.
You see here an arrow.
The kobold looks even sicker.
The iguana looks even sicker.
The centaur shoots an arrow.
The arrow hits you but does no damage.
You see here an arrow.
The centaur looks even sicker.
You kill the kobold!
Yredelemnul accepts your kill.
The centaur shoots an arrow.
The arrow barely misses you.
The arrow hits your orc zombie but does no damage.
The centaur looks even sicker.
The iguana looks even sicker.
Your toxic aura wanes.
You kill the iguana!
Yredelemnul accepts your kill.
Your Maces & Flails skill increases to level 3!
The centaur shoots an arrow.
The arrow closely misses you. The arrow hits your orc zombie!
Your orc zombie is destroyed!
The centaur shoots an arrow.
The arrow hits you.
The centaur shoots an arrow.
The arrow hits you!!
You see here 2 arrows.
The centaur shoots an arrow.
The arrow hits you!
You die...
Yredelemnul claims you as an undead slave.

You could see a centaur, a friendly rat zombie and a friendly goblin zombie.

Vanquished Creatures
  The ghost of WellDressedCM the Cutter, a weakling KoGl (D:4)
  A giant frog zombie (D:5)
  A hound (D:5)
  A crimson imp (D:5)
  2 orc priests (D:4)
  A gnoll shaman (D:4)
  2 iguanas
  Terence (D:3)
  Natasha (thrice) (D:3)
  3 adders
  14 gnolls
  An ooze (D:1)
  A worm (D:3)
  5 giant geckos
  4 orcs
  5 giant cockroaches
  10 hobgoblins
  A quokka (D:2)
  3 ball pythons
  12 bats
  5 giant newts
  11 goblins
  9 jackals
  A jackal skeleton (D:4)
  A jackal zombie (D:5)
  14 kobolds
  A quokka skeleton (D:5)
  10 rats
  A spectral orc (D:2)
125 creatures vanquished.

Vanquished Creatures (collateral kills)
  A centaur skeleton (D:4)
  A goblin (D:4)
2 creatures vanquished.

Vanquished Creatures (others)
  4 orc zombies
  A ball python zombie (D:4)
  A giant newt (D:2)
  A goblin zombie (D:4)
  2 jackal zombies (D:4)
  A kobold zombie (D:4)
10 creatures vanquished.

Grand Total: 137 creatures vanquished

Action                   |  1- 3 |  4- 6 |  7- 9 || total
-------------------------+-------+-------+-------++-------
Melee: Dagger            |    81 |    60 |       ||   141
       Flail             |       |    60 |    13 ||    73
 Cast: Sting             |    81 |    80 |       ||   161
       Mephitic Cloud    |       |     6 |       ||     6
       Olgreb's Toxic Ra |       |    26 |     2 ||    28
Invok: Animate Remains   |       |    11 |     1 ||    12
  Use: Scroll            |       |    11 |       ||    11
 Stab: Sleeping          |     1 |       |       ||     1
       Confused          |       |     3 |       ||     3

Vault maps used:
D:1:      dpeg_arrival_solitude, grunt_decor_one_mirror
D:2:      lemuel_doored_altar, yredelemnul_forgotten_temple_becter, first_bread,
          lemuel_old_faithful
D:3:      ecumenical_altar_2, uniq_terence, uniq_natasha
D:4:      serial_shops, shop, uniq_menkaure
D:5:      zin_purify, st_stairs_11
